 Dungeon Crawl Stone Soup version 0.31-a0-145-g046c7d2549 (webtiles) character file.

Game seed: 243822723689016359

85 holysushi the Gusty (level 4, -5/26 HPs)
             Began as a Tengu Air Elementalist on June 6, 2023.
             Slain by Pikel
             ... wielding a +2 whip of electrocution
              (13 damage)
             ... on level 4 of the Dungeon.
             The game lasted 00:06:36 (3684 turns).

holysushi the Gusty (Tengu Air Elementalist)        Turns: 3684, Time: 00:06:36

Health: -5/26      AC:  2    Str:  9    XL:     4   Next: 48%
Magic:  1/8        EV: 14    Int: 15    God:
Gold:   133        SH:  0    Dex: 22    Spells: 1/7 levels left

rFire   . . .        (no weapon)
rCold   . . .        (no shield)
rNeg    . . .        a - +0 robe
rPois   .            (helmet restricted)
rElec   .            (no cloak)
rCorr   .            (no gloves)
SInv    .            (boots unavailable)
Will    .....        (no amulet)
Stlth   ++           d - +6 ring of dexterity
HPRegen 0.24/turn    (no ring)
MPRegen 0.11/turn

%: no passive effects
@: no status effects
A: beak, talons 3
a: no special abilities


You were on level 4 of the Dungeon.
You visited 1 branch of the dungeon, and saw 4 of its levels.

You collected 133 gold pieces.

Inventory:

Hand Weapons
 g - a +0 rapier
Armour
 a - a +0 robe (worn)
Jewellery
 d - a +6 ring of dexterity (left hand)
Scrolls
 b - a scroll of poison {unknown}
 i - 3 scrolls of enchant weapon {unknown}
 k - a scroll of fog {unknown}
Potions
 c - a potion of cancellation {unknown}
 e - 5 potions of curing {unknown}
 f - a potion of might {unknown}
 h - a potion of resistance {unknown}
 j - a potion of haste {unknown}
 l - a potion of attraction {unknown}


   Skills:
 + Level 1.7 Fighting
 + Level 3.0 Dodging
 - Level 2.0 Stealth
 + Level 2.0 Spellcasting
 - Level 4.0 Conjurations
 - Level 4.0 Air Magic


You had one spell level left.
You knew the following spells:

 Your Spells              Type           Power      Damage    Failure   Level
a - Shock                 Conj/Air       52%        1d6       4%          1
b - Static Discharge      Conj/Air       26%        2-4/arc   6%          2
c - Swiftness             Air            13%        N/A       13%         3

Your spell library contained the following spells:

 Spells                   Type           Power      Damage    Failure   Level
 Airstrike                Air            6%         2d(1-17)  38%         4


Dungeon Overview and Level Annotations

Branches:
Dungeon (4/15) Zot: 20317
 Temple: D:4-7

Altars:
Hepliaklqana
Vehumet
The Shining One

Annotations:
D:4 Pikel


Innate Abilities, Weirdness & Mutations

You have a beak for a mouth.
You have claws for feet.


Message History

Aiming: Shock (safe; 4% risk of failure)
Press: ? - help, Shift-Dir - straight line, f - Pikel
Aim: Pikel, wielding a +2 whip of electrocution and wearing a +0 robe (wandering, hasn't noticed you, 60% to hit)
The zap hits Pikel.
Pikel is lightly wounded.
Pikel shouts!
You hear a shout!
Casting: Shock (safe; 4% risk of failure)
Confirm with . or Enter, or press ? or * to list all spells.
Aiming: Shock (safe; 4% risk of failure)
Press: ? - help, Shift-Dir - straight line, p - Pikel The zap hits Pikel.
Pikel is lightly wounded.
Casting: Shock (safe; 4% risk of failure)
Confirm with . or Enter, or press ? or * to list all spells.
Aiming: Shock (safe; 4% risk of failure)
Press: ? - help, Shift-Dir - straight line The zap misses Pikel.
Casting: Shock (safe; 4% risk of failure)
Confirm with . or Enter, or press ? or * to list all spells.
Pikel is struck by an arc of lightning.
Pikel is moderately wounded.
You are struck by an arc of lightning.
Pikel is struck by an arc of lightning.
Pikel is moderately wounded.
You are struck by an arc of lightning.
The lightning grounds out.
Pikel barely misses you.
A lemure comes into view.
Casting: Static Discharge (safe; 6% risk of failure)
Confirm with . or Enter, or press ? or * to list all spells.
Pikel is struck by an arc of lightning.
Pikel is heavily wounded.
You are struck by an arc of lightning.
Pikel is struck by an arc of lightning.
Pikel is heavily wounded.
The lightning grounds out.
The lemure shouts!
Pikel hits you with a +2 whip of electrocution!
Okay, then.
Pikel attacks as you move away!
Pikel hits you with a +2 whip of electrocution!
Ouch! That really hurt!
You die...

#.#....#
####.#....#
#..#.#.)..#
#..#.#.5..# .
#..#.#....#....
##..#...........
#.....####.#####
#...K.####.#
#..@.)'....#
##..<..######
#.............#
#####.#....##.#
#..........#.#
###...###)...#.#
#.......+)...#.#
#.#...#.#)...#.#
#.....#.#.##.#.#


You could see Pikel and a lemure.

Vanquished Creatures
  A lemure (D:4)
  A white imp (D:3)
  2 worms
  A dart slug (D:3)
  6 orcs
  4 bats
  5 endoplasms
  2 giant cockroaches (D:3)
  5 goblins
  3 hobgoblins
  4 jackals
  10 kobolds
  A quokka (D:1)
  2 ball pythons
  5 frilled lizards
  2 goblin zombies (D:3)
  A hobgoblin zombie (D:3)
  A kobold skeleton (D:3)
  3 orc skeletons (D:3)
  An orc zombie (D:3)
  5 rats
65 creatures vanquished.

Notes
Turn   | Place    | Note
-------+----------+-------------------------------------------
     0 | D:1      | holysushi the Tengu Air Elementalist began the quest for
                  | the Orb.
     0 | D:1      | Reached XP level 1. HP: 10/10 MP: 4/4
   325 | D:1      | Reached XP level 2. HP: 16/16 MP: 3/6
  1045 | D:2      | Found a faded altar of an unknown god.
  1305 | D:2      | Learned a level 2 spell: Static Discharge
  1401 | D:2      | Reached skill level 1 in Fighting
  1591 | D:2      | Reached XP level 3. HP: 20/20 MP: 5/7
  2154 | D:3      | Found a glowing golden altar of the Shining One.
  2503 | D:3      | Found a hazy altar of Hepliaklqana.
  2655 | D:3      | Reached XP level 4. HP: 20/25 MP: 1/8
  3205 | D:3      | Found a radiant altar of Vehumet.
  3407 | D:4      | Learned a level 3 spell: Swiftness
  3587 | D:4      | Noticed a lemure
  3604 | D:4      | Killed a lemure
  3678 | D:4      | Noticed Pikel
  3682 | D:4      | Noticed a lemure
  3684 | D:4      | Slain by Pikel

Illustrated notes

Levels and vault maps discovered:
D:1:      amcnicky_arrival_single_pillar, layout_basic
D:2:      layout_loops_ring, shapermc_ecumenical_altar_flowoftime,
          chequers_avenue
D:3:      layout_basic, lemuel_round_altar, general_overflow_altar,
          nicolae_tso_besieged_by_evil, minivault_5, corexii_shack,
          lexackson_kobold_supper
D:4:      layout_basic, temple_pool_b, serial_aquarium, aquarium_bridge_square
          [aquarium_subvault_wall, aquarium_subvault_balcony,
          aquarium_subvault_wall, aquarium_subvault_bridge], aquarium_window_2,
          aquarium_window_fake, aquarium_window_2, aquarium_window_double,
          aquarium_view_2e, aquarium_view_2b, aquarium_balcony_3b,
          nicolae_half_adder, uniq_menkaure, uniq_pikel

Skill      XL: |  1  2  3  4 |
---------------+-------------+-----
Conjurations   | 2 3 4 |  4.0
Fighting       | 1 |  1.7
Dodging        | 3 |  3.0
Stealth        | |  2.0
Spellcasting   | |  2.0
Air Magic      | |  4.0

Action                     |  1- 3 |  4- 6 || total
---------------------------+-------+-------++-------
  Melee: Unarmed           |     2 |     1 ||     3
         Kick              |     1 |     1 ||     2
         Peck              |     1 |       ||     1
   Cast: Shock             |    86 |    40 ||   126
         Static Discharge  |       |     2 ||     2
    Use: Scroll            |     4 |       ||     4
         Potion            |     1 |       ||     1
 Armour: Robe              |     6 |     1 ||     7
  Dodge: Dodged            |    32 |     3 ||    35

Table legend: (Time is in decaauts)
 A = Elapsed time spent in this place.
 B = Non-inter-level travel time spent in this place.
 C = Inter-level travel time spent in this place.
 D = Time resting spent in this place.
 E = Time spent auto-exploring this place.
 F = Levels seen in this place.
 G = Mean time per level.
                   A        B        C        D        E       F      G
               +--------+--------+--------+--------+--------+-----+--------+
         Total |   3682 |   3602 |     80 |    397 |   2689 |   4 |  920.5 |
       Dungeon |   3682 |   3602 |     80 |    397 |   2689 |   4 |  920.5 |
               +--------+--------+--------+--------+--------+-----+--------+

Top non-repeatable levels by time:
     D:3: 1498 daAuts
     D:1: 1027 daAuts
     D:2: 874 daAuts
     D:4: 281 daAuts
